Map: Eternal Empire LE

Players

ViBE - Winner!

  • Race: Terran Terran
  • League: Master
  • Spawn Location: 1:00

Moondroid

  • Race: Protoss Protoss
  • Spawn Location: 7:00

VOD

Have the link to the VOD?

Description

Time

  • Played on: Dec. 26, 2019, 8:47 p.m.
  • Length: 12:42
Show
View Real Time Build Order
Export as new Build Order

ViBE Terran - Winner!

Build Orders: 2 Factory, Reaper Expand 

Get SALT Encoding   

  12  0:00  SCV  
  13  0:12  SCV  
  14  0:18  Supply Depot  
  14  0:25  SCV  
  15  0:39  SCV  
  15  0:41  Barracks  
  16  0:48  Refinery  
  16  0:51  SCV  
  17  1:03  SCV  
  18  1:16  SCV  
  19  1:30  Orbital Command  
  19  1:32  Reaper  
  20  1:43  Command Center  
  20  1:56  SCV  
  20  1:57  Supply Depot  
  21  2:08  SCV  
  21  2:13  Factory  
  22  2:18  Refinery  
  22  2:20  Barracks Tech Lab  
  22  2:21  SCV  
  23  2:33  SCV  
  24  2:45  SCV  
  25  2:57  SCV  
  26  3:00  Factory  
  26  3:02  Orbital Command  
  25  3:09  SCV  
  25  3:10  Cyclone  
  29  3:21  SCV  
  30  3:27  SCV  
  30  3:33  SCV  
  32  3:38  Barracks Tech Lab  
  32  3:39  SCV  
  33  3:44  Cyclone  
  33  3:45  SCV  
  33  3:48  Command Center  
  37  3:52  SCV  
  38  3:57  SCV  
  39  4:04  SCV  
  37  4:11  SCV  
  37  4:16  SCV  
  39  4:22  Cyclone x2  
  39  4:23  SCV  
  46  4:31  Refinery  
  46  4:33  Supply Depot  
  46  4:34  Mag-Field Accelerator  
  46  4:35  Supply Depot  
  46  4:39  SCV  
  46  4:41  SCV  
  44  4:52  SCV  
  45  4:53  SCV  
  46  5:01  Cyclone  
  46  5:02  Orbital Command  
  46  5:04  SCV  
  46  5:05  SCV  
  48  5:07  Supply Depot  
  48  5:11  Cyclone  
  51  5:16  SCV  
  51  5:17  SCV  
  51  5:18  Engineering Bay  
  53  5:28  SCV  
  49  5:36  SCV  
  49  5:40  SCV  
  51  5:49  SCV  
  52  5:52  SCV  
  52  5:56  Orbital Command  
  53  5:57  Cyclone x2  
  53  5:58  Refinery  
  53  6:01  SCV  
  53  6:03  Factory  
  60  6:04  SCV  
  60  6:07  Factory  
  61  6:13  SCV  
  61  6:16  SCV  
  63  6:23  Missile Turret  
  63  6:25  SCV, Missile Turret  
  64  6:28  SCV  
  65  6:33  Cyclone x2  
  65  6:37  SCV x2  
  73  6:40  SCV  
  74  6:49  SCV x2  
  74  6:50  Factory Reactor  
  74  6:51  Factory Reactor  
  74  6:53  SCV  
  77  6:58  Starport  
  77  7:01  SCV x2  
  77  7:02  Refinery  
  77  7:04  Refinery  
  77  7:05  SCV  
  77  7:07  Command Center  
  80  7:10  Supply Depot x2  
  80  7:11  Supply Depot x2  
  80  7:13  SCV x2  
  82  7:17  SCV  
  82  7:21  Cyclone x2  
  83  7:25  SCV  
  83  7:26  SCV  
  85  7:31  SCV  
  85  7:34  Hellion x2  
  85  7:35  Hellion x2  
  94  7:37  SCV  
  94  7:38  SCV  
  94  7:40  Starport Reactor  
  96  7:44  SCV  
  96  7:45  Factory  
  96  7:47  Factory  
  96  7:50  SCV x2  
  99  7:51  Supply Depot  
  99  7:53  Supply Depot  
  99  7:56  SCV  
  100  7:59  Hellion x3  
  100  8:00  Hellion  
  100  8:02  SCV x2  
  110  8:08  SCV, Cyclone x2  
  100  8:29  Hellion  
  100  8:30  Hellion  
  100  8:31  Liberator x2  
  100  8:33  SCV x3  
  101  8:40  Cyclone x2  
  107  8:45  SCV  
  107  8:47  Factory Tech Lab x2  
  108  8:50  Hellion  
  108  8:51  Hellion x2  
  111  9:07  Cyclone x2  
  111  9:08  SCV  
  111  9:09  SCV x2  
  120  9:12  Cyclone x2  
  120  9:16  Command Center  
  126  9:20  Armory  
  126  9:22  Armory  
  126  9:23  Sensor Tower  
  126  9:24  Sensor Tower  
  126  9:25  SCV x3  
  126  9:27  Hellion x2  
  126  9:28  Infernal Pre-Igniter  
  133  9:32  Planetary Fortress  
  131  9:50  Cyclone x3  
  131  9:51  Hellion x2  
  131  9:52  Hellion x2  
  148  10:10  Liberator x2  
  148  10:19  SCV x2  
  148  10:28  SCV x2  
  156  10:31  SCV  
  157  10:47  Cyclone x2  
  163  10:52  Supply Depot x2  
  163  10:54  Supply Depot  
  163  10:55  Supply Depot  
  163  10:59  Hellion  
  163  11:01  Hellion  
  163  11:03  Hellion  
  163  11:04  SCV x3  
  163  11:06  SCV, Hellion  
  163  11:14  Cyclone x2  
  163  11:16  SCV x2  
  169  11:32  Cyclone x2  
  175  11:33  Hellion x4  
  177  11:43  SCV x4  
  177  11:46  Cyclone  
  175  11:55  SCV x4, Planetary Fortress, Refinery  
  175  11:56  Refinery  
  179  12:07  SCV  
  179  12:08  SCV, Starport  
  175  12:10  Starport  
Show
View Real Time Build Order
Export as new Build Order

Moondroid Protoss 

Build Orders: 1 Gate Expand, Oracle Opening 

Get SALT Encoding   

  12  0:01  Probe  
  13  0:13  Probe  
  14  0:18  Pylon  
  14  0:25  Probe  
  15  0:38  Probe, Gateway  
  16  0:45  Assimilator  
  16  0:50  Probe (Chrono Boost)  
  17  1:02  Probe (Chrono Boost)  
  18  1:07  Probe (Chrono Boost)  
  19  1:16  Probe  
  20  1:25  Cybernetics Core  
  20  1:36  Nexus  
  20  1:40  Probe  
  21  1:48  Assimilator  
  21  1:50  Pylon  
  22  1:59  Adept (Chrono Boost)  
  23  2:08  Probe  
  24  2:22  Adept (Chrono Boost)  
  24  2:23  Probe, Stargate  
  27  2:35  Probe  
  27  2:36  Warp Gate  
  28  2:47  Probe  
  28  2:49  Adept  
  31  2:59  Probe  
  31  3:00  Probe  
  31  3:03  Oracle (Chrono Boost)  
  33  3:11  Probe  
  33  3:12  Probe  
  38  3:23  Probe, Adept  
  38  3:24  Probe  
  42  3:33  Pylon  
  42  3:35  Probe  
  42  3:36  Probe  
  46  3:51  Probe x2  
  46  3:52  Assimilator  
  46  3:55  Twilight Council  
  46  3:56  Assimilator  
  44  4:03  Probe x2  
  46  4:15  Probe  
  47  4:17  Probe  
  46  4:24  Gateway  
  46  4:27  Gateway, Stalker  
  46  4:29  Gateway  
  46  4:30  Pylon  
  48  4:35  Probe  
  48  4:36  Blink (Chrono Boost)  
  49  4:40  Shield Battery  
  49  4:41  Shield Battery  
  47  4:52  Stalker  
  47  5:10  Probe x2 (Chrono Boost)  
  49  5:15  Stalker  
  53  5:21  Robotics Facility  
  53  5:22  Probe x2 (Chrono Boost)  
  53  5:24  Pylon  
  53  5:27  Nexus  
  53  5:28  Probe (Chrono Boost)  
  54  5:39  Stalker  
  54  5:40  Stalker x3  
  54  5:42  Probe  
  62  5:51  Nexus  
  62  5:53  Pylon  
  62  6:03  Gateway  
  62  6:04  Gateway  
  62  6:05  Stalker x2  
  62  6:07  Sentry  
  68  6:14  Stalker  
  70  6:19  Probe  
  70  6:20  Shield Battery  
  70  6:22  Probe  
  70  6:24  Observer (Chrono Boost)  
  73  6:34  Pylon  
  73  6:40  Observer (Chrono Boost)  
  73  6:43  Stalker x2  
  78  6:49  Charge (Chrono Boost)  
  78  6:50  Forge  
  78  6:56  Warp Prism  
  78  6:57  Stalker x2  
  84  7:21  Stalker x2  
  84  7:22  Stalker x4  
  86  7:39  Probe x2, Protoss Ground Weapons Level 1 (Chrono Boost)  
  86  7:42  Pylon  
  88  7:47  Stalker x2  
  88  7:48  Stalker x2  
  96  7:54  Zealot  
  96  7:55  Zealot  
  100  8:11  Probe x2  
  102  8:13  Pylon  
  102  8:14  Zealot x3  
  74  8:37  Zealot x5  
  74  8:38  Zealot  
  72  8:58  Stalker x2  
  72  8:59  Stalker x4  
  76  9:06  Probe  
  76  9:07  Probe  
  78  9:13  Templar Archives  
  78  9:28  Observer, Stalker x4  
  78  9:29  Stalker x2  
  86  9:48  Probe  
  86  9:49  Probe  
  86  9:52  Probe  
  89  9:55  Protoss Ground Weapons Level 2 (Chrono Boost)  
  89  10:00  Gateway  
  89  10:01  Probe x2  
  89  10:03  Gateway, Nexus  
  91  10:10  Stalker x2  
  91  10:11  Stalker x4  
  103  10:27  Probe  
  104  10:34  Stalker x4  
  104  10:35  Stalker  
  114  10:36  Stalker  
  114  11:01  Zealot  
  114  11:02  Zealot  
  117  11:09  Probe  
  114  11:11  Pylon  
  114  11:12  Void Ray (Chrono Boost)  
  114  11:13  Pylon  
  114  11:19  Fleet Beacon  
  105  11:26  Zealot x5  
  105  11:27  Zealot  
  84  11:44  Stalker x2  
  84  11:47  High Templar  
  84  11:48  High Templar x2  
  84  11:49  High Templar  
  88  11:54  Archon  
  88  11:55  Archon  
  88  11:59  Probe  
  89  12:12  High Templar x3  
  89  12:13  High Templar  
  94  12:17  Archon x2  
  94  12:19  Probe x2  
  94  12:22  Zealot x4  
Tags
 
Add a new tag
Caveats
  • Supply blocks, unpowered buildings, or Contaminate may cause inaccurate times.
  • Supply counts are checked every 10 seconds.